 Dungeon Crawl Stone Soup version 0.30-a0-691-g754fce4c43 (webtiles) character file.

Game seed: 3976317291194889298

11227 Bnni the Skirmisher (level 12, -6/92 HPs)
             Began as a Formicid Hexslinger on Jan 19, 2023.
             Was a High Priest of Okawaru.
             Mangled by Snorg (9 damage)
             ... on level 10 of the Dungeon.
             The game lasted 00:32:27 (9872 turns).

Bnni the Skirmisher (Formicid Hexslinger)           Turns: 9872, Time: 00:32:27

Health: -6/92      AC:  6    Str: 15    XL:     12   Next: 5%
Magic:  18/18      EV: 12    Int: 16    God:    Okawaru [*****.]
Gold:   174        SH:  6    Dex: 22    Spells: 3/20 levels left

rFire   + . .      SeeInvis +    i - +0 longbow
rCold   . . .      Faith    .    C - +0 buckler
rNeg    . . .      Spirit   .    I - +0 steam dragon scales
rPois   .          Reflect  .    (helmet unavailable)
rElec   .          Harm     .    p - scarf {repulsion}
rCorr   .          Rampage  .    x - +0 pair of gloves
Will    +....                    (no boots)
Stlth   ++                       v - amulet of magic regeneration
HPRegen 0.35/turn                s - +6 ring of dexterity
MPRegen 0.56/turn                t - ring of protection from fire

@: repel missiles
A: permanent stasis, dig shafts and tunnels, antennae 3, four strong arms
a: Dig, Shaft Self, Renounce Religion, Heroism, Finesse, Duel


You were on level 10 of the Dungeon.
You worshipped Okawaru.
Okawaru was extremely pleased with you.
You visited 1 branch of the dungeon, and saw 10 of its levels.

You collected 522 gold pieces.
You spent 348 gold pieces at shops.

Inventory:

Hand Weapons
 i - a +0 longbow (weapon)
Armour
 j - a +0 cloak
 p - a scarf of repulsion (worn)
 x - a +0 pair of gloves (worn)
 C - a +0 buckler (worn)
 I - +0 steam dragon scales (worn)
Jewellery
 k - a ring of flight
 s - a +6 ring of dexterity (left hand)
 t - a ring of protection from fire (right hand)
 v - an amulet of magic regeneration (around neck)
 D - the ring of Midnight {Ice Contam rCorr Int+7}
   (You found it on level 5 of the Dungeon)

   [ring of ice]

   It enhances your ice magic.
   Int:       It affects your intelligence (+7).
   rF:        It makes you vulnerable to fire.
   rC:        It protects you from cold.
   Contam:    It causes magical contamination when unequipped.
   rCorr:     It protects you from acid and corrosion.
Wands
 w - a wand of flame (18)
 A - a wand of roots (12)
 G - a wand of paralysis (11)
Scrolls
 b - 3 scrolls of poison
 e - 2 scrolls of enchant weapon {unknown}
 g - 4 scrolls of fog
 l - 4 scrolls of magic mapping {unknown}
 u - a scroll of brand weapon
 y - 3 scrolls of amnesia {unknown}
 z - 2 scrolls of enchant armour {unknown}
 B - a scroll of immolation {unknown}
 E - 2 scrolls of teleportation {unknown}
 F - a scroll of torment {unknown}
 K - a scroll of silence {unknown}
Potions
 c - 3 potions of curing
 d - 2 potions of degeneration {unknown}
 f - 2 potions of brilliance
 m - a potion of cancellation {unknown}
 n - 2 potions of might {unknown}
 o - a potion of attraction
 q - a potion of lignification {unknown}
 r - 2 potions of heal wounds
 H - a potion of flight {unknown}
 J - a potion of mutation {unknown}
Miscellaneous
 h - a lightning rod (4/4)


   Skills:
 + Level 7.9 Fighting
 * Level 10.6 Ranged Weapons
 - Level 1.7 Dodging
 - Level 4.0 Shields
 + Level 4.5 Spellcasting
 - Level 10.0 Hexes
 - Level 3.0 Translocations
 + Level 3.4 Transmutations
 - Level 3.0 Fire Magic
 + Level 1.6 Earth Magic
 + Level 8.4 Invocations


You had 3 spell levels left.
You knew the following spells:

 Your Spells              Type           Power      Damage    Failure   Level
a - Slow                  Hex            100%       N/A       1%          1
b - Inner Flame           Hex/Fire       24%        N/A       4%          3
c - Portal Projectile     Hex/Tloc       48%        N/A       4%          3
d - Cause Fear            Hex            17%        N/A       3%          4
e - Leda's Liquefaction   Hex/Erth       11%        N/A       19%         4
w - Wereblood             Tmut           14%        N/A       7%          2

Your spell library contained the following spells:

 Spells                   Type           Power      Damage    Failure   Level
 Ensorcelled Hibernation  Hex/Ice        38%        N/A       3%          2
 Lesser Beckoning         Tloc           26%        N/A       9%          2
 Passwall                 Tmut/Erth      9%         N/A       11%         2
 Gell's Gravitas          Tloc           13%        N/A       17%         3
 Teleport Other           Tloc           13%        N/A       17%         3
 Freeze                   Ice            12%        1d3       21%         1
 Magic Dart               Conj           12%        1d3       21%         1
 Necrotise                Necr           12%        1d4       21%         1
 Spider Form              Tmut/Pois      9%         N/A       28%         3
 Sublimation of Blood     Necr           3%         N/A       30%         2
 Stone Arrow              Conj/Erth      12%        3d7       38%         3
 Frozen Ramparts          Ice            6%         1d1       52%         3
 Hailstorm                Conj/Ice       3%         3d3       52%         3
 Mephitic Cloud           Conj/Pois/Air  3%         N/A       52%         3
 Ozocubu's Armour         Ice            3%         N/A       52%         3
 Vampiric Draining        Necr           3%         2d6       52%         3
 Yara's Violent Unravell  Hex/Tmut       12%        3d7       34%         5
 Petrify                  Tmut/Erth      11%        N/A       56%         4
 Ice Form                 Ice/Tmut       9%         N/A       67%         4
 Blade Hands              Tmut           7%         N/A       78%         5
 Lee's Rapid Deconstruct  Erth           4%         3d5*      95%         5
 Borgnjor's Vile Clutch   Necr/Erth      3%         N/A       98%         5
 Agony                    Necr           3%         N/A       99%         5
 Iskenderun's Battlesphe  Conj           3%         2d6       99%         5
 Eringya's Noxious Bog    Tmut/Pois      4%         N/A       100%        6
 Iron Shot                Conj/Erth      3%         9d2       100%        6
 Ozocubu's Refrigeration  Ice            1%         4d7       100%        7
 Call Imp                 Summ           Unusable   N/A       N/A         2
 Swiftness                Air            Unusable   N/A       N/A         3
 Animate Dead             Necr           Unusable   N/A       N/A         4
 Summon Ice Beast         Ice/Summ       Unusable   N/A       N/A         4
 Death Channel            Necr           Unusable   N/A       N/A         6
 Spellforged Servitor     Conj/Summ      Unusable   N/A       N/A         7
 Summon Hydra             Summ           Unusable   N/A       N/A         7

Dungeon Overview and Level Annotations

Branches:
Dungeon (10/15)            Temple (0/1) D:7
   Lair: D:8-11         Orc: D:9-12

Altars:
Ashenzari
Cheibriados
Dithmenos
Gozag
Hepliaklqana
Kikubaaqudgha
Okawaru
Yredelemnul
Zin

Shops:
D:1 !   D:5 *   D:6 [   D:9 (!:!

Annotations:
D:10 Snorg


Innate Abilities, Weirdness & Mutations

You cannot be hasted, slowed, berserked, paralysed or teleported.
You can dig through walls and to a lower floor.
You have a pair of large antennae on your head. (SInv)
Your four strong arms can wield two-handed weapons with a shield.


Message History

Aim: Snorg (lightly wounded, inner flame, 69% to hit)
You shoot an arrow. The arrow hits Snorg!!
Flame seeps out of Snorg.
Snorg is moderately wounded.
Snorg is engulfed in blazing flames.
Flame seeps out of Snorg.
Fire: i) +0 longbow
Press: ? - help, Shift-Dir - straight line, f/p - Snorg
Aim: Snorg (heavily wounded, inner flame, 69% to hit)
You shoot an arrow. The arrow completely misses Snorg.
Snorg goes berserk!
Fire: i) +0 longbow
Press: ? - help, Shift-Dir - straight line, f/p - Snorg
Aim: Snorg (heavily wounded, berserk, inner flame, 69% to hit)
You shoot an arrow. The arrow closely misses Snorg.
Snorg closely misses you. x3
Fire: i) +0 longbow
Press: ? - help, Shift-Dir - straight line, f/p - Snorg
Aim: Snorg (heavily wounded, berserk, inner flame, 69% to hit)
You shoot an arrow. The arrow barely misses Snorg.
The arrow hits the gnoll.
The gnoll is heavily wounded.
Snorg bites you! You block Snorg's attack. Snorg barely misses you.
You block Snorg's attack. Snorg misses you. You block Snorg's attack.
Fire: i) +0 longbow
Press: ? - help, Shift-Dir - straight line, f/p - Snorg
Aim: Snorg (heavily wounded, berserk, inner flame, 69% to hit)
You shoot an arrow. The arrow hits Snorg!
Flame seeps out of Snorg.
Snorg is heavily wounded.
Snorg is engulfed in blazing flames.
Flame seeps out of Snorg.
You block Snorg's attack. Snorg claws you! Snorg claws you but does no damage.
Snorg is engulfed in blazing flames.
Flame seeps out of Snorg.
Snorg bites you!! Snorg claws you! Snorg barely misses you.
Fire: i) +0 longbow
Press: ? - help, Shift-Dir - straight line, f/p - Snorg
Aim: Snorg (flame, heavily wounded, berserk, inner flame, 69% to hit)
You shoot an arrow. The arrow hits Snorg!!
Flame seeps out of Snorg.
Snorg is severely wounded.
Snorg is engulfed in blazing flames.
Flame seeps out of Snorg.
Snorg bites you!!
* * * LOW HITPOINT WARNING * * *
Snorg claws you!
* * * LOW HITPOINT WARNING * * *
Snorg claws you!
You die...

...>...... #......... #.........
##. #......... ..### ..........
##..... #...# #....... .....#
######.#.# #...... #....#
#......#.# ####...... #....#
#..<@..#.###......... ##....#
##..T...#..#..###..... #.....#
#..g.........## #..... . ##.....#
#.......##>### ######
..#...##.###.......##.####
...)..(g...........##....# ##
....)†.............#####.##### #.
..#..#..#.###......#####.....###.
#.......#..######.............##.


You could see Snorg (berserk, inner flame) and a gnoll.

Vanquished Creatures
  A two-headed ogre (D:8)
  The ghost of WasteTime5 the Skirmisher, a novice FoHu of Okawaru (D:8)
  A deep elf pyromancer (D:8)
  An ugly thing (D:8)
  Maggie (D:9)
  3 trolls (D:10)
  Prince Ribbit (D:7)
  A wraith (D:10)
  A wyvern (D:7)
  A shadow (D:8)
  17 yaks
  Menkaure (D:5)
  A steam dragon (D:7)
  A water moccasin (D:6)
  3 black bears
  An ice beast (D:8)
  A sky beast (D:6)
  3 centaurs
  3 phantoms
  A kobold brigand (D:6)
  2 gnoll sergeants
  2 bullfrogs (D:8)
  2 necrophages
  3 scorpions
  28 wights
  An oklob sapling (D:7)
  17 killer bees
  3 electric eels
  4 howler monkeys
  5 orc priests
  4 hounds
  An iron imp (D:4)
  A jelly (D:4)
  Jessica (D:3)
  4 gnoll boudas
  2 iguanas (D:6)
  6 orc wizards
  Robin (D:2)
  3 adders
  17 gnolls
  4 shadow imps
  3 white imps
  A worm (D:3)
  3 dart slugs
  15 orcs
  3 endoplasms
  9 giant cockroaches
  17 goblins
  7 hobgoblins
  5 quokkas
  5 ball pythons
  9 bats
  4 frilled lizards
  8 kobolds
  5 rats
249 creatures vanquished.

Vanquished Creatures (others)
  7 plants
7 creatures vanquished.

Grand Total: 256 creatures vanquished

Notes
Turn   | Place    | Note
-------+----------+-------------------------------------------
     0 | D:1      | Bnni the Formicid Hexslinger began the quest for the Orb.
     0 | D:1      | Reached XP level 1. HP: 15/15 MP: 2/2
    64 | D:1      | Reached XP level 2. HP: 21/21 MP: 3/3
   112 | D:1      | Found Domifec's Distillery.
   373 | D:1      | Reached skill level 1 in Fire Magic
   373 | D:1      | Reached XP level 3. HP: 26/26 MP: 5/5
   423 | D:1      | Learned a level 3 spell: Inner Flame
   646 | D:2      | Found an iron altar of Okawaru.
   651 | D:2      | Reached XP level 4. HP: 31/32 MP: 6/6
   659 | D:2      | Became a worshipper of Warmaster Okawaru
   827 | D:2      | Noticed Robin
   847 | D:2      | Killed Robin
   968 | D:3      | Found a transporter.
   998 | D:3      | Noticed Jessica
  1006 | D:3      | Killed Jessica
  1007 | D:3      | Reached XP level 5. HP: 36/38 MP: 5/7
  1457 | D:3      | Found a transporter.
  1755 | D:3      | Reached skill level 1 in Invocations
  1755 | D:3      | Reached XP level 6. HP: 18/44 MP: 9/9
  1944 | D:4      | Learned a level 4 spell: Cause Fear
  2070 | D:4      | Found a broken altar of Ashenzari.
  2263 | D:4      | Found a snail-covered altar of Cheibriados.
  2367 | D:5      | Entered Level 5 of the Dungeon
  2367 | D:5      | Found a transporter.
  2367 | D:5      | Found a basalt altar of Yredelemnul.
  2378 | D:5      | Reached skill level 5 in Hexes
  2387 | D:5      | Reached * piety under Okawaru
  2394 | D:5      | Reached XP level 7. HP: 38/51 MP: 10/10
  2472 | D:5      | Found a transporter.
  2491 | D:5      | Found an ancient bone altar of Kikubaaqudgha.
  2683 | D:5      | Learned a level 3 spell: Portal Projectile
  2944 | D:5      | Found Beweopp's Assorted Antiques.
  3054 | D:1      | Bought a potion of heal wounds for 50 gold pieces
  3156 | D:5      | Bought 2 golden potions for 52 gold pieces
  3255 | D:5      | Noticed Menkaure
  3276 | D:5      | Killed Menkaure
  3277 | D:5      | Reached skill level 1 in Translocations
  3277 | D:5      | Reached XP level 8. HP: 17/58 MP: 3/12
  3441 | D:5      | Identified the ring of Midnight {Ice Contam rCorr Int+7}
  3510 | D:6      | Reached ** piety under Okawaru
  3738 | D:6      | Reached skill level 5 in Ranged Weapons
  3911 | D:6      | Reached *** piety under Okawaru
  3912 | D:6      | Reached XP level 9. HP: 51/65 MP: 8/13
  5021 | D:6      | Found Nuntutyl's Antique Armour Shop.
  5026 | D:6      | Bought a buckler for 117 gold pieces
  5206 | D:6      | Noticed an angel
  5207 | D:6      | Found a glowing silver altar of Zin.
  5239 | D:7      | Noticed Prince Ribbit
  5243 | D:7      | Killed Prince Ribbit
  5244 | D:7      | Reached skill level 1 in Shields
  5370 | D:7      | Reached **** piety under Okawaru
  5404 | D:7      | Received a gift from Okawaru
  5405 | D:7      | Reached skill level 5 in Invocations
  5439 | D:7      | Reached skill level 5 in Fighting
  5454 | D:7      | Reached XP level 10. HP: 21/74 MP: 14/14
  6210 | D:7      | Found a staircase to the Ecumenical Temple.
  6416 | D:8      | Noticed WasteTime5's ghost (novice FoHu)
  6418 | D:8      | Noticed a two-headed ogre
  6422 | D:8      | Learned a level 2 spell: Wereblood
  6476 | D:8      | Found a shadowy altar of Dithmenos.
  6491 | D:8      | Reached ***** piety under Okawaru
  6492 | D:8      | Reached skill level 10 in Hexes
  6492 | D:8      | Reached skill level 1 in Transmutations
  6576 | D:8      | Found a hazy altar of Hepliaklqana.
  6635 | D:8      | Noticed a deep elf pyromancer
  6660 | D:8      | Killed a deep elf pyromancer
  6700 | D:8      | Noticed a brown ugly thing
  6754 | D:8      | Reached XP level 11. HP: 22/81 MP: 8/15
  6760 | D:8      | HP: 4/81 [spore (12)]
  7184 | D:8      | Killed a brown ugly thing
  7292 | D:8      | Identified the +0 chain mail "Kizais" {rC+} (Okawaru gifted
                  | it to you on level 8 of the Dungeon)
  7292 | D:8      | Received a gift from Okawaru
  7339 | D:8      | Identified the +3 spear "Mirpheh" {venom, rF- Str+5}
  7393 | D:8      | Identified the +1 ring mail "Reasmoth" {rElec rC++ Int-5
                  | SInv}
  7575 | D:8      | Found a runed translucent gate.
  7575 | D:8      | Found a runed translucent gate.
  7576 | D:8      | Found a runed translucent gate.
  8140 | D:8      | Killed a two-headed ogre
  8141 | D:8      | Reached skill level 10 in Ranged Weapons
  8148 | D:8      | Killed WasteTime5's ghost
  8239 | D:9      | Found an opulent altar of Gozag.
  8412 | D:9      | Found Xiucigg's Weapon Emporium.
  8415 | D:9      | Bought a +0 longbow for 84 gold pieces
  8490 | D:9      | Noticed Maggie
  8546 | D:9      | Killed Maggie
  8769 | D:9      | Found Midewa's Distillery.
  8779 | D:9      | Bought a potion of curing for 45 gold pieces
  8841 | D:9      | Found Tolued's Book Boutique.
  9132 | D:9      | Found Cukol's Distillery.
  9252 | D:10     | Entered Level 10 of the Dungeon
  9260 | D:10     | Identified a scroll of acquirement
  9261 | D:10     | Acquired Bnni's Grimoire of the Amorphous Volcano
  9268 | D:10     | Learned a level 4 spell: Leda's Liquefaction
  9706 | D:10     | Reached skill level 1 in Earth Magic
  9734 | D:10     | Reached XP level 12. HP: 66/92 MP: 11/18
  9736 | D:10     | Noticed Snorg
  9872 | D:10     | HP: 3/92 [Snorg (7)]
  9872 | D:10     | Mangled by Snorg

Illustrated notes

Levels and vault maps discovered:
D:1:      minmay_arrival_checkered_box, layout_rooms, serial_shops, shop
D:2:      layout_rooms, basic_altar, st_stairs_7, uniq_robin
D:3:      gammafunk_steamed_eel, layout_basic, st_stairs_6,
          minmay_misc_feat_hallway, uniq_jessica
D:4:      layout_rooms, slow_altar_2, mainiacjoe_overflow_boulevard
D:5:      layout_rooms, gammafunk_temple_of_torment, serial_shops,
          nicolae_shop_advertising_works [nicolae_subvault_shop_adworks]
D:6:      minmay_octagon_keep, layout_loops_ring, zin_angel, serial_shops, shop,
          minivault_14
D:7:      layout_gridville, minmay_temple_entry_oklob, kennysheep_windowed_goal,
          uniq_prince_ribbit1
D:8:      layout_basic, riverfiend_overflow_shadow_ancestor,
          gammafunk_ghost_split, minmay_diamond_spiral
D:9:      layout_grid_maze, grunt_gozag_breadcrumbs, serial_shops,
          nicolae_shop_trees, shop, nicolae_shop_behind_doors, shop, uniq_maggie
D:10:     layout_rooms, serial_shops, shop, uniq_snorg

Skill      XL: |  1  2  3  4  5  6  7  8  9 10 11 |
---------------+----------------------------------+-----
Fire Magic     | 1 2 3 |  3.0
Hexes          | 4 5 7 8 10 | 10.0
Ranged Weapons | 3 4 5 6 8 10 | 10.6
Fighting       | 2 3 5 6 7 |  7.9
Spellcasting   | 2 3 4 |  4.5
Invocations    | 1 2 3 5 6 8 |  8.4
Translocations | 1 3 |  3.0
Shields        | 3 4 |  4.0
Transmutations | 2 3 |  3.4
Earth Magic    | 1 |  1.6
Dodging        | |  1.7

Action                   |  1- 3 |  4- 6 |  7- 9 | 10-12 || total
-------------------------+-------+-------+-------+-------++-------
 Fire: Sling             |   103 |   169 |   230 |   237 ||   739
       Longbow           |       |       |       |   129 ||   129
 Cast: Slow              |       |     1 |     3 |     5 ||     9
       Inner Flame       |       |     2 |    16 |    39 ||    57
       Portal Projectile |       |       |     3 |    10 ||    13
       Cause Fear        |       |       |       |     6 ||     6
Invok: Heroism           |       |       |     1 |       ||     1
 Abil: Dig               |       |     1 |       |       ||     1
Evoke: Wand              |       |     2 |       |     1 ||     3
  Use: Scroll            |       |       |     4 |     4 ||     8
       Potion            |       |       |     2 |       ||     2
Armor: Robe              |    16 |    18 |    26 |     7 ||    67
       Steam dragon scal |       |       |       |    35 ||    35
Dodge: Dodged            |    31 |    52 |    82 |   114 ||   279
Block: Buckler           |       |       |    13 |    50 ||    63

Table legend: (Time is in decaauts)
 A = Elapsed time spent in this place.
 B = Non-inter-level travel time spent in this place.
 C = Inter-level travel time spent in this place.
 D = Time resting spent in this place.
 E = Time spent auto-exploring this place.
 F = Levels seen in this place.
 G = Mean time per level.
                   A        B        C        D        E       F      G
               +--------+--------+--------+--------+--------+-----+--------+
         Total |  10005 |   9497 |    508 |   2222 |   5405 |  10 | 1000.5 |
       Dungeon |  10005 |   9497 |    508 |   2222 |   5405 |  10 | 1000.5 |
               +--------+--------+--------+--------+--------+-----+--------+

Top non-repeatable levels by time:
     D:8: 1813 daAuts
     D:6: 1776 daAuts
     D:7: 1174 daAuts
     D:9: 1145 daAuts
     D:5: 973 daAuts
     D:3: 973 daAuts
     D:2: 583 daAuts
    D:10: 543 daAuts
     D:4: 518 daAuts
     D:1: 502 daAuts
